 Dungeon Crawl Stone Soup version 0.28-a0-883-gc8d7bad45d (console) character file.

Game seed: 7175395451109074399

80199 jejorda2 the Tortoise (level 15, -2/90 HPs)
             Began as a Gargoyle Berserker on Nov 21, 2021.
             Was a High Priest of Trog.
             Slain by an orc warlord (10 damage)
             ... on level 1 of the Orcish Mines.
             The game lasted 01:13:01 (30812 turns).

jejorda2 the Tortoise (Gargoyle Berserker)         Turns: 30812, Time: 01:13:01

Health: -2/90      AC: 59    Str: 27    XL:     15   Next: 66%
Magic:  15/15      EV:  7    Int:  8    God:    Trog [*****.]
Gold:   1860       SH: 14    Dex:  9    Spells: 14/14 levels left

rFire   + + .      SeeInvis .   a - +0 scimitar
rCold   + . .      Faith    .   U - +2 kite shield {rC+}
rNeg    + . .      Spirit   .   W - +13 crystal plate armour "Ovvig" {rElec}
rPois   ∞          Reflect  .   g - +2 helmet
rElec   +          Harm     .   A - +2 cloak
rCorr   .          Rampage  .   o - +2 pair of gloves {Stlth+}
Will    +....                   (no boots)
Stlth   ..........              (no amulet)
HPRegen 0.25/turn               G - ring of protection from fire
MPRegen 0.14/turn               n - ring of protection from fire

@: on berserk cooldown, flying, studying Armour
A: sickness immunity, AC +11, big wings, negative energy resistance 1,
electricity resistance, torment resistance 1, petrification resistance
a: Renounce Religion, Berserk, Trog's Hand, Brothers in Arms


You were on level 1 of the Orcish Mines.
You worshipped Trog.
Trog was extremely pleased with you.
You visited 3 branches of the dungeon, and saw 22 of its levels.

You collected 1860 gold pieces.

Inventory:

Hand Weapons
 a - a +0 scimitar (weapon)
 b - a +0 hunting sling
 w - a +4 short sword of speed
Missiles
 h - 6 curare-tipped darts
 p - 4 throwing nets
 q - 22 poisoned darts (quivered)
 v - 487 stones
 z - 132 sling bullets
 B - 3 silver boomerangs
 I - 11 silver javelins
 J - 6 datura-tipped darts
Armour
 g - a +2 helmet (worn)
 j - a scarf of resistance
 o - a +2 pair of gloves of stealth (worn)
 A - a +2 cloak (worn)
 U - a +2 kite shield of cold resistance (worn)
 W - the +13 crystal plate armour "Ovvig" (worn) {rElec}
   (You found it on level 6 of the Lair of Beasts)

   rElec:     It insulates you from electricity.
Jewellery
 n - a ring of protection from fire (right hand)
 G - a ring of protection from fire (left hand)
 M - the ring of the Two Names {+Blink Fly Int+5 Slay-5}
   (You found it on level 11 of the Dungeon)

   [ring of flight]

   Int:       It affects your intelligence (+5).
   Slay:      It affects your accuracy & damage with ranged weapons and melee
   (-5).
   Fly:       It grants you flight.
   +Blink:    It lets you blink.
Wands
 l - a wand of digging (15)
 x - a wand of acid (6)
 O - a wand of iceblast (14)
 R - a wand of polymorph (7)
 S - a wand of charming (17)
Scrolls
 c - 4 scrolls of magic mapping
 d - 15 scrolls of identify
 e - 2 scrolls of silence
 f - a scroll of blinking
 s - 4 scrolls of immolation
 u - 2 scrolls of holy word
 y - 2 scrolls of enchant weapon
 E - a scroll of summoning
 H - a scroll of fog
 K - 5 scrolls of teleportation
 P - 2 scrolls of enchant armour
 T - a scroll of fear
Potions
 i - a potion of invisibility
 k - 2 potions of attraction
 m - 9 potions of might
 r - 8 potions of curing
 t - 3 potions of magic
 C - 7 potions of heal wounds
 D - 4 potions of mutation
 F - 2 potions of ambrosia
 N - 2 potions of haste
 V - a potion of cancellation
Miscellaneous
 L - a lightning rod (2/4)


   Skills:
 - Level 9.0 Fighting
 - Level 14.0 Long Blades
 + Level 6.0(8.3) Slings
 * Level 9.0(9.8) Throwing
 + Level 16.1 Armour
 - Level 1.5 Dodging
 - Level 15.0 Shields
 - Level 6.0 Evocations


You had 14 spell levels left.
You didn't know any spells.
Your spell library was empty.

Dungeon Overview and Level Annotations

Branches:
Dungeon (15/15)            Temple (0/1) D:7            Lair (6/6) D:9
  Swamp (0/4) Lair:2       Spider (0/4) Lair:4        Slime (0/5) Lair:6
    Orc (1/2) D:9          Vaults (0/5) D:13         Depths (0/4) D:15

Altars:
Fedhas
Gozag
Hepliaklqana
Makhleb
Qazlal
Ru
Sif Muna
Uskayaw
Vehumet
Wu Jian
Xom
Yredelemnul
The Shining One
Beogh

Shops:
D:3 (

Portals:
Trove: D:12 (show abyssal rune of Zot)

Annotations:
D:4 2 transporters, demibob's ghost, amateur DsGl
D:10 3 runed translucent doors, EnronHubbard's ghost, journeyman TrCA


Innate Abilities, Weirdness & Mutations

You are immune to sickness and miasma.
Your stone body is resilient. (AC +11)
You are immune to poison.
Your large and strong wings let you fly.
You resist negative energy. (rN+)
You are resistant to electric shocks. (rElec)
You are resistant to unholy torment.
You are immune to petrification.


Message History

Aiming: Charm
Press: ? - help, Shift-Dir - straight line, f/p - orc knight
Aim: an orc knight, wielding a +0 battleaxe and wearing a +0 chain mail (lightly wounded, strong, chance to affect: 47%)
The orc knight is charmed.
What are your orders? t - Shout!
Orders for allies: a - Attack new target. p - Attack previous target. r - Retreat! s - Stop attacking. g - Guard the area. f - Follow me.
Anything else - Cancel.
Gang up on whom?
Press: ? - help, Dir - move target, f - orc warlord, p - orc knight
Aim: an orc warlord, wielding a +3 vorpal halberd and wearing a +0 plate armour (lightly wounded, strong) Attack!
Your orc knight hits the orc warlord with a +0 battleaxe!
The orc warlord hits you but does no damage.
Your orc knight hits the orc warlord with a +0 battleaxe!
Unknown command.
Unknown command.
Your orc knight closely misses the orc warlord.
Your orc knight closely misses something.
You hear some strange, mumbled words.
Your orc knight easily resists.
The orc warlord hits you from afar with a +3 vorpal halberd.
* * * LOW HITPOINT WARNING * * *
x2 The orc warlord no longer looks unusually strong.
Your orc knight closely misses the orc warlord.
Your orc knight hits something with a +0 battleaxe!
Something barely misses your orc knight.
You feel yourself speed up.
The orc warlord hits you from afar with a +3 vorpal halberd.
* * * LOW HITPOINT WARNING * * *
x2 Your orc knight hits the orc warlord with a +0 battleaxe!
Your orc knight hits something with a +0 battleaxe!!
Trog accepts your kill.
Trog appreciates your killing of a magic user.
Reactivating autopickup.
You feel a bit more experienced.
The orc warlord hits you from afar with a +3 vorpal halberd!
You die...

#....)...####
#...###.)...##
###..## #..)...##
##....######))...#
#.......#...)..###
###.....#..)...#
#.......oo.###
##.........#
#......@..##
##.........#
##.....#....###
#.....###..##.#
##....#.###....###
#<....######...#.#
##.....###......##
#.....>.#...####
#####......##


You could see an orc warlord (ally target) and a friendly orc knight (charmed,
strong).

Vanquished Creatures
  Jorgrun (D:13)
  Nessos (Lair:5)
  2 ettins
  An ogre mage (D:15)
  10 hydras
  4 catoblepae
  3 boulder beetles
  3 centaur warriors
  7 two-headed ogres
  2 dancing weapons (D:13)
  A tengu warrior (D:15)
  A death yak (Lair:6)
  Urug (Lair:6)
  A deep troll (D:15)
  A wizard (D:15)
  2 deep elf pyromancers (D:15)
  A necromancer (D:15)
  An orc sorcerer (D:15)
  4 cyclopes
  4 elephants (Lair:3)
  12 ugly things
  6 manticores
  A black mamba (shapeshifter) (D:15)
  A molten gargoyle (D:12)
  2 torpor snails
  12 cane toads
  2 unseen horrors
  4 gargoyles
  4 rime drakes
  A kobold demonologist (D:14)
  A yaktaur (D:15)
  11 komodo dragons
  A freezing wraith (D:14)
  3 jumping spiders (Lair:4)
  A queen bee (shapeshifter) (D:11)
  5 trolls
  A meliai (shapeshifter) (D:15)
  7 polar bears
  Prince Ribbit (D:6)
  9 blink frogs
  7 hornets
  6 slime creatures (D:13)
  10 dream sheep
  A shadow (D:11)
  Sigmund (D:2)
  3 redbacks (Lair:4)
  14 spriggans (Lair:6)
  3 wraiths
  5 wyverns
  A water elemental (D:14)
  A vampire (D:9)
  A basilisk (shapeshifter) (D:11)
  27 yaks
  8 basilisks
  A swamp worm (Lair:2)
  4 acid dragons
  Duvessa (D:6)
  18 water moccasins
  An ice beast (D:6)
  10 orc warriors
  2 sky beasts
  2 black bears
  4 necrophages
  3 ogres
  47 wolves
  4 boggarts
  5 centaurs
  A phantom (D:6)
  12 bullfrogs
  A kobold brigand (D:11)
  A gnoll sergeant (D:5)
  2 scorpions
  2 wyvern zombies
  A water moccasin zombie (D:5)
  Dowan (D:6)
  2 water moccasin skeletons
  16 killer bees
  11 electric eels
  7 howler monkeys
  A bullfrog skeleton (D:6)
  11 hounds
  8 orc priests
  2 centaur skeletons
  Crazy Yiuf (D:3)
  2 bullfrog zombies (D:5)
  4 centaur zombies
  A gnoll shaman (D:9)
  3 iguanas
  15 orc wizards
  A killer bee zombie (D:7)
  2 hound skeletons
  Robin (D:2)
  2 howler monkey zombies
  6 gnolls
  A howler monkey skeleton (D:6)
  4 adders
  A white imp (D:5)
  A worm (D:2)
  3 dart slugs
  52 orcs
  3 endoplasms
  3 giant cockroaches
  13 goblins
  11 hobgoblins
  6 jackals
  11 kobolds
  4 quokkas
  8 ball pythons
  8 bats
  4 frilled lizards
  A quokka skeleton (D:4)
  4 rats
581 creatures vanquished.

Vanquished Creatures (collateral kills)
  An orb spider (shapeshifter) (D:10)
  An ugly thing (D:10)
  A gargoyle (D:13)
  A warg (Orc:1)
  An ogre (Orc:1)
  An orc wizard (Orc:1)
6 creatures vanquished.

Vanquished Creatures (others)
  A hornet (Lair:6)
  A yak (Lair:6)
  An ogre (D:5)
  A wolf (Lair:6)
  36 fungi
  62 plants
102 creatures vanquished.

Grand Total: 689 creatures vanquished

Notes
Turn   | Place    | Note
-------+----------+-------------------------------------------
     0 | D:1      | jejorda2 the Gargoyle Berserker began the quest for the
                  | Orb.
     0 | D:1      | Reached XP level 1. HP: 14/14 MP: 1/1
     7 | D:1      | Found a faded altar of an unknown god.
   348 | D:1      | Reached XP level 2. HP: 19/19 MP: 2/2
   381 | D:1      | Upgraded the game from 0.28-a0-872-g80cf8599ee to
                  | 0.28-a0-883-gc8d7bad45d
   584 | D:1      | Reached XP level 3. HP: 23/23 MP: 3/3
   789 | D:1      | Reached ** piety under Trog
  1089 | D:2      | Noticed Robin
  1326 | D:2      | Noticed Sigmund
  1337 | D:2      | Killed Sigmund
  1338 | D:2      | Reached skill level 3 in Armour
  1338 | D:2      | Reached XP level 4. HP: 30/30 MP: 4/4
  1338 | D:2      | Reached XP level 5. HP: 34/34 MP: 5/5
  1535 | D:2      | Reached XP level 6. HP: 33/39 MP: 6/6
  1614 | D:2      | Killed Robin
  2535 | D:3      | Found Xaofi's Weapon Shop.
  2627 | D:3      | Found a runed translucent door.
  2628 | D:3      | Noticed Crazy Yiuf
  2878 | D:3      | Found a sacrificial altar of Ru.
  2880 | D:3      | Found a stormy altar of Qazlal.
  2885 | D:3      | Found a glowing golden altar of the Shining One.
  2886 | D:3      | Found a burning altar of Makhleb.
  2890 | D:3      | Found a hide-covered altar of Uskayaw.
  3060 | D:3      | Killed Crazy Yiuf
  3061 | D:3      | Reached skill level 4 in Armour
  3233 | D:4      | Noticed demibob's ghost (amateur DsGl)
  3234 | D:4      | Found a transporter.
  3242 | D:4      | Found a transporter.
  3309 | D:4      | Reached skill level 5 in Long Blades
  3601 | D:4      | Found a blossoming altar of Fedhas.
  3613 | D:4      | Found a shimmering altar of Xom.
  3707 | D:4      | Found a shimmering blue altar of Sif Muna.
  3828 | D:4      | Found a hazy altar of Hepliaklqana.
  4211 | D:5      | Entered Level 5 of the Dungeon
  4228 | D:4      | Reached skill level 5 in Fighting
  4228 | D:4      | Reached XP level 7. HP: 33/44 MP: 7/7
  4885 | D:5      | Reached skill level 5 in Armour
  5028 | D:5      | Reached XP level 8. HP: 35/51 MP: 8/8
  5209 | D:5      | Noticed a hornet
  5223 | D:5      | Killed a hornet
  5399 | D:5      | Found a basalt altar of Yredelemnul.
  5423 | D:5      | Reached skill level 6 in Armour
  5580 | D:5      | Reached skill level 1 in Shields
  5686 | D:5      | Reached *** piety under Trog
  6171 | D:6      | Reached XP level 9. HP: 32/55 MP: 9/9
  6319 | D:6      | Found a radiant altar of Vehumet.
  6319 | D:6      | Noticed Dowan
  6319 | D:6      | Noticed Duvessa
  6343 | D:6      | Killed Dowan
  6466 | D:6      | Killed Duvessa
  6592 | D:6      | Found an opulent altar of Gozag.
  6624 | D:6      | Noticed Prince Ribbit
  6691 | D:6      | Killed Prince Ribbit
  6721 | D:6      | Noticed a hornet
  6737 | D:6      | Killed a hornet
  7064 | D:6      | Found an ornate altar of the Wu Jian Council.
  7578 | D:7      | Reached skill level 5 in Shields
  7750 | D:7      | Found a staircase to the Ecumenical Temple.
  8074 | D:7      | Reached skill level 10 in Long Blades
  8620 | D:8      | Noticed a cyclops
  8637 | D:8      | Killed a cyclops
  8638 | D:8      | Reached XP level 10. HP: 60/60 MP: 10/10
 10137 | D:9      | Reached **** piety under Trog
 10329 | D:9      | Found a staircase to the Lair.
 11042 | D:9      | Found a staircase to the Orcish Mines.
 11382 | D:9      | Reached XP level 11. HP: 52/64 MP: 11/11
 11741 | D:10     | Entered Level 10 of the Dungeon
 11742 | D:10     | Found a runed translucent gate.
 11745 | D:10     | Found a runed translucent gate.
 11746 | D:10     | Found a runed translucent gate.
 11746 | D:10     | Noticed a green ugly thing
 11746 | D:10     | Noticed a cyan ugly thing
 11747 | D:10     | Noticed a cyan ugly thing
 11748 | D:10     | Noticed a moth of wrath
 11748 | D:10     | Noticed a cyan ugly thing
 12008 | D:10     | Noticed a centaur warrior
 12020 | D:10     | Killed a centaur warrior
 12881 | D:10     | Noticed a harpy
 12888 | D:10     | a harpy changed into something unseen
 12898 | D:10     | Noticed an orb spider
 12898 | D:10     | a troll changed into an orb spider
 12901 | D:10     | an orb spider changed into a black bear
 12902 | D:10     | Noticed an orb spider
 12902 | D:10     | a black bear changed into an orb spider
 12903 | D:10     | Killed an orb spider
 12917 | D:10     | Killed a cyan ugly thing
 12921 | D:10     | Killed a red ugly thing
 12930 | D:10     | Killed a cyan ugly thing
 12940 | D:10     | Killed a purple ugly thing
 12994 | D:10     | Found a runed translucent gate.
 12994 | D:10     | Found a runed translucent gate.
 12996 | D:10     | Noticed a cacodemon
 13001 | D:10     | Found a runed translucent gate.
 13008 | D:10     | Noticed EnronHubbard's ghost (journeyman TrCA)
 13065 | Lair:1   | Entered Level 1 of the Lair of Beasts
 13618 | Lair:1   | Reached skill level 10 in Shields
 13968 | Lair:1   | Reached XP level 12. HP: 27/70 MP: 12/12
 14768 | Lair:2   | Reached skill level 1 in Throwing
 15231 | Lair:2   | Noticed a four-headed hydra
 15247 | Lair:2   | Killed a four-headed hydra
 15521 | Lair:2   | Noticed an eight-headed hydra
 15536 | Lair:2   | Killed an eight-headed hydra
 15632 | Lair:2   | Noticed a four-headed hydra
 15648 | Lair:2   | Killed a four-headed hydra
 15881 | Lair:2   | Found a staircase to the Swamp.
 15948 | Lair:2   | Identified the +11 great mace of the Glowing Seeker
                  | {vorpal, rC++ rN+}
 16241 | Lair:3   | Noticed a catoblepas
 16261 | Lair:3   | Killed a catoblepas
 16374 | Lair:3   | Reached XP level 13. HP: 71/78 MP: 13/13
 17021 | Lair:3   | You fall into a shaft and drop 1 floor!
 17048 | Lair:4   | Reached skill level 5 in Throwing
 17640 | Lair:3   | Reached ***** piety under Trog
 18109 | Lair:4   | Found a hole to the Spider Nest.
 18410 | Lair:4   | Identified a scroll of acquirement
 18410 | Lair:4   | Acquired a manual of Armour
 20246 | Lair:6   | Entered Level 6 of the Lair of Beasts
 20247 | Lair:6   | Noticed Nessos
 20284 | Lair:6   | Reached skill level 7 in Armour
 20327 | Lair:5   | Killed Nessos
 20819 | D:11     | Identified the ring of the Two Names {+Blink Fly Int+5
                  | Slay-5}
 20986 | D:11     | Identified the +7 chain mail of Xusa {rC- Int+4 Stlth+}
 21098 | D:11     | Reached skill level 8 in Armour
 21098 | D:11     | Reached skill level 1 in Evocations
 22174 | D:12     | Reached skill level 15 in Shields
 22369 | D:12     | Found a portal to a secret trove of treasure.
 22399 | D:12     | Reached skill level 9 in Armour
 22399 | D:12     | Gained mutation: Your large and strong wings let you fly.
                  | [Gargoyle growth]
 22399 | D:12     | Reached XP level 14. HP: 43/86 MP: 14/14
 23243 | D:13     | Reached skill level 10 in Armour
 23707 | D:13     | Reached skill level 11 in Armour
 23867 | D:13     | Found a gate to the Vaults.
 23948 | D:13     | Noticed Jorgrun
 23963 | D:13     | Killed Jorgrun
 24275 | D:14     | Reached skill level 5 in Evocations
 24312 | D:13     | Reached skill level 12 in Armour
 24766 | D:14     | Identified the +4 chain mail "Pyklec" {Rampage Will+ rCorr
                  | Slay+2}
 25083 | D:14     | Reached skill level 13 in Armour
 25853 | D:15     | Entered Level 15 of the Dungeon
 25991 | D:15     | Found a staircase to the Depths.
 26011 | D:14     | Reached skill level 14 in Armour
 26456 | D:15     | Reached skill level 15 in Armour
 27018 | D:15     | Reached skill level 1 in Slings
 27315 | D:15     | Reached XP level 15. HP: 90/90 MP: 15/15
 27500 | D:15     | Reached skill level 16 in Armour
 28132 | Lair:6   | Noticed Urug
 28143 | Lair:6   | Killed Urug
 28347 | Lair:6   | Found a staircase to the Slime Pits.
 29207 | Lair:6   | Reached skill level 5 in Slings
 29271 | Lair:6   | Identified the +13 crystal plate armour "Ovvig" {rElec}
 30572 | Orc:1    | Entered Level 1 of the Orcish Mines
 30762 | Orc:1    | Noticed an orc warlord
 30812 | Orc:1    | Slain by an orc warlord

Illustrated notes

Levels and vault maps discovered:
D:1:      scummos_arrival_simple_crosswalls, layout_loops_ring,
          hellmonk_ecumenical_altar_heavens_door, corexii_corridor_pit
D:2:      layout_basic, uniq_robin, uniq_sigmund
D:3:      layout_basic, minitemple, serial_shops, nicolae_square_shop,
          minmay_crystal_room, minmay_misc_feat_cross, grunt_ministairs_7,
          uniq_crazy_yiuf_cottage
D:4:      layout_basic, nicolae_sif_muna_little_library,
          nicolae_hepliaklqana_hippocampus, amethyst_overflow_temple_binary,
          gammafunk_ghost_smash
D:5:      layout_rooms, lemuel_zombie_altar_yredelemnul,
          kennysheep_opposing_triangles
D:6:      layout_rooms, mainiacjoe_overflow_cross_hatched,
          mainiacjoe_overflow_small_starburst, kennysheep_little_box,
          uniq_prince_ribbit1, uniq_duvessa
D:7:      layout_loops_ring, minmay_temple_entry_antechambers,
          nicolae_figureground_pulse
D:8:      layout_basic, corexii_leaking_fountain, chequers_big_river,
          kennysheep_generic_room_3
D:9:      layout_roguey, lair_entry_dummy, david_orc_5
D:10:     layout_roguey, ploomutoo_gammafunk_ghost_potion_laboratory
D:11:     layout_gridville
D:12:     layout_basic, nicolae_trove_entry_crossroad
D:13:     layout_big_octagon, erik_vaults_1, uniq_jorgrun
D:14:     layout_basic, kennysheep_small_spiral, corexii_checkpoint_a
D:15:     hangedman_depths_entry_civil_slaughter, layout_cave_pools
Lair:1:   beast_lair_carwin_large_3, layout_cave_pods,
          nicolae_quartered_pool_little, infiniplex_staircase_pool_2
Lair:2:   layout_misc_corridors, palyth_hydra_swamp_entry,
          grunt_forest_small_clearing_treed
Lair:3:   layout_cave_pods, serial_bayou_shore_a
Lair:4:   layout_hall_layers, nicolae_spider_entry_tight_spaces,
          grunt_megastairs_5, lemuel_fruit_fields, serial_bayou_shore_b
Lair:5:   layout_concentric_octagons, minivault_26, grunt_megastairs_4
Lair:6:   minmay_lair_end_enchanted_forest, layout_regular_city, slime_dummy,
          disabler_island, uniq_urug, uniq_nessos
Orc:1:    layout_diamond_mine

Skill      XL: |  1  2  3  4  5  6  7  8  9 10 11 12 13 14 15 |
---------------+----------------------------------------------+-----
Long Blades    | 3 4 5 6 8 10 12 14 | 14.0
Fighting       | 4 5 6 8 9 |  9.0
Armour         | 3 4 5 6 9 15 16 | 16.1
Shields        | 2 6 8 10 12 15 | 15.0
Throwing       | 4 6 9 |  9.0
Evocations     | 2 6 |  6.0
Slings         | 2 6 |  6.0
Dodging        | |  1.5

Action                   |  1- 3 |  4- 6 |  7- 9 | 10-12 | 13-15 || total
-------------------------+-------+-------+-------+-------+-------++-------
Melee: Falchion          |   101 |   195 |   310 |       |       ||   606
       Short sword       |       |       |   201 |   435 |    74 ||   710
       Long sword        |       |       |       |   522 |   203 ||   725
       Scimitar          |       |       |       |       |  1405 ||  1405
 Fire: Hunting sling     |       |       |       |       |   121 ||   121
Throw: Stone             |    10 |    22 |    40 |     8 |       ||    80
       Throwing net      |       |       |     1 |       |       ||     1
       Dart              |       |       |       |    39 |    41 ||    80
       Javelin           |       |       |       |       |     3 ||     3
Invok: Berserk           |     1 |     4 |     7 |    14 |    30 ||    56
       Trog's Hand       |     1 |       |     1 |     3 |     5 ||    10
       Brothers in Arms  |       |       |       |     3 |     3 ||     6
Evoke: Wand              |       |       |       |     1 |     2 ||     3
       Lightning rod     |       |       |       |       |     2 ||     2
  Use: Scroll            |       |       |    14 |    10 |     7 ||    31
       Potion            |       |       |       |       |     3 ||     3
 Stab: Petrified         |       |       |       |     3 |     2 ||     5
       Petrifying        |       |       |       |     1 |     1 ||     2
       Invisible         |       |       |       |       |     3 ||     3
Armor: Animal skin       |    13 |       |       |       |       ||    13
       Leather armour    |    33 |       |       |       |       ||    33
       Scale mail        |     3 |    68 |       |       |       ||    71
       Chain mail        |       |    82 |   267 |   157 |   513 ||  1019
       Plate armour      |       |       |       |   339 |   268 ||   607
       Crystal plate arm |       |       |       |       |   108 ||   108
Dodge: Dodged            |    68 |    99 |   168 |   207 |   361 ||   903
Block: Buckler           |       |       |    44 |    77 |       ||   121
       Kite shield       |       |       |       |   189 |  1059 ||  1248

Table legend: (Time is in decaauts)
 A = Elapsed time spent in this place.
 B = Non-inter-level travel time spent in this place.
 C = Inter-level travel time spent in this place.
 D = Time resting spent in this place.
 E = Time spent auto-exploring this place.
 F = Levels seen in this place.
 G = Mean time per level.
                   A        B        C        D        E       F      G
               +--------+--------+--------+--------+--------+-----+--------+
         Total |  30370 |  28671 |   1699 |   3881 |  19302 |  22 | 1380.5 |
       Dungeon |  20059 |  18800 |   1259 |   2410 |  12905 |  15 | 1337.3 |
          Lair |  10089 |   9651 |    438 |   1471 |   6296 |   6 | 1681.5 |
  Orcish Mines |    222 |    222 |      0 |      0 |    100 |   1 |  222.0 |
               +--------+--------+--------+--------+--------+-----+--------+

Top non-repeatable levels by time:
  Lair:6: 2336 daAuts
    D:14: 1972 daAuts
     D:9: 1808 daAuts
  Lair:1: 1696 daAuts
  Lair:5: 1687 daAuts
  Lair:2: 1627 daAuts
     D:5: 1599 daAuts
     D:4: 1543 daAuts
    D:13: 1516 daAuts
  Lair:3: 1477 daAuts
     D:8: 1454 daAuts
    D:10: 1430 daAuts
    D:12: 1299 daAuts
  Lair:4: 1264 daAuts
     D:1: 1212 daAuts
